 Dungeon Crawl Stone Soup version 0.25-a0-316-gd28d56f9c5 (webtiles) character file.

Game seed: 2197626471733407393, levelgen mode: classic

46 Borgoz the Sneak (level 3, 0/24 HPs)
             Began as a Halfling Assassin on Dec 25, 2019.
             Slain by a hobgoblin (1 damage)
             ... led by Robin
             ... on level 2 of the Dungeon.
             The game lasted 00:01:39 (1183 turns).

Borgoz the Sneak (Halfling Assassin)                Turns: 1183, Time: 00:01:39

Health: 0/24       AC:  4    Str: 13    XL:     3   Next: 92%
Magic:  3/3        EV: 15    Int:  9    God:
Gold:   94         SH:  0    Dex: 15    Spells: 2/2 levels left

rFire    . . .     SeeInvis .   b - +0 short sword (drain)
rCold    . . .     Gourm    .   (shield restricted)
rNeg     . . .     Faith    .   h - +0 robe
rPois    .         Spirit   .   (no helmet)
rElec    .         Reflect  .   c - +0 cloak
rCorr    .         Harm     .   i - +0 pair of gloves
MR       .....                  (no boots)
Stlth    ++++......             (no amulet)
HPRegen  0.08/turn              g - ring of stealth
MPRegen  0.08/turn              (no ring)

@: no status effects
A: small, mutation resistance 1
a: no special abilities


You were on level 2 of the Dungeon.
You were not hungry.

You visited 1 branch of the dungeon, and saw 2 of its levels.

You collected 94 gold pieces.

Inventory:

Hand Weapons
 a - a +2 dagger
 b - a +0 short sword of draining (weapon)
Missiles
 d - 8 poisoned darts (quivered)
 e - 2 curare-tipped darts
Armour
 c - a +0 cloak (worn)
 h - a +0 robe (worn)
 i - a +0 pair of gloves (worn)
Jewellery
 g - a ring of stealth (left hand)
Scrolls
 j - a scroll of teleportation {unknown}
 o - a scroll of immolation {unknown}
Potions
 k - a potion of heal wounds {unknown}
 l - a potion of agility
 n - a potion of curing {unknown}
Comestibles
 f - 2 rations
 m - 7 chunks of flesh


   Skills:
 + Level 2.3 Fighting
 + Level 3.2 Short Blades
 - Level 2.0 Throwing
 + Level 1.4 Armour
 + Level 2.0 Dodging
 - Level 4.3 Stealth


You had 2 spell levels left.
You didn't know any spells.
Your spell library was empty.

Dungeon Overview and Level Annotations

Branches:
Dungeon (2/15)

Altars:

Annotations:
D:2 Robin


Innate Abilities, Weirdness & Mutations

You are small and have problems with some larger weapons.
You are somewhat resistant to further mutation.


Message History

You barely miss the gnoll.
The gnoll is moderately wounded.
The gnoll closely misses you.
You closely miss the gnoll.
The gnoll is moderately wounded.
The gnoll hits you with a +0 whip.
* * * LOW HITPOINT WARNING * * *
You hit the gnoll.
The gnoll is heavily wounded.
The kobold misses you. The gnoll hits you but does no damage.
You closely miss the gnoll.
The gnoll is heavily wounded.
The kobold hits you.
* * * LOW HITPOINT WARNING * * *
The gnoll barely misses you.
You barely miss the kobold. The kobold hits you but does no damage.
The kobold closely misses you. The hobgoblin hits you.
* * * LOW HITPOINT WARNING * * *
The hobgoblin hits you.
You die...

#......###
#.......÷###################
#.......).....).............
###......##...#########).<####
#........####..... #...#
#.#......# ###### ......#
#........# ####...#
######...########### #....
##......@Kgr.(# #####.
##..####g.g.(# .. ##.#
#g....######### #.#
##............# . #..
#.....######.##. .#..
#........###.... . #.#
#..........?.... . .#
#)÷..#.......#..
#......###....##....


You could see 2 gnolls, a hobgoblin, a goblin, a kobold and a rat.

Vanquished Creatures
  2 leopard geckos (D:1)
  3 giant cockroaches
  7 goblins
  5 hobgoblins
  2 jackals (D:1)
  7 kobolds
  2 quokkas (D:2)
  4 bats (D:1)
  A frilled lizard (D:1)
  6 rats
39 creatures vanquished.

Notes
Turn   | Place    | Note
-------+----------+-------------------------------------------
     0 | D:1      | Borgoz the Halfling Assassin began the quest for the Orb.
     0 | D:1      | Reached XP level 1. HP: 14/14 MP: 1/1
   193 | D:1      | Reached XP level 2. HP: 19/19 MP: 2/2
   538 | D:1      | Reached skill level 1 in Armour
   581 | D:1      | Reached XP level 3. HP: 24/24 MP: 3/3
  1017 | D:2      | Noticed Robin
  1017 | D:2      | Noticed a bullfrog
  1182 | D:2      | HP: 1/24 [hobgoblin[Robin] (2)]
  1183 | D:2      | Slain by a hobgoblin

Levels and vault maps discovered:
D:1:      dpeg_arrival_boxes_within_box, layout_loops_ring, minmay_misc_feat_iff
D:2:      layout_rooms, uniq_robin

Skill      XL: |  1  2  3 |
---------------+----------+-----
Fighting       | 2 |  2.3
Armour         | 1 |  1.4
Short Blades   | 3 |  3.2
Dodging        | 2 |  2.0
Throwing       | |  2.0
Stealth        | |  4.3

Action                   || total
-------------------------++-------
Melee: Dagger            ||    58
       Short sword       ||    61
 Stab: Sleeping          ||    13
  Eat: Chunk             ||     1
Armor: Robe              ||    31
Dodge: Dodged            ||   103

Table legend:
 A = Non-vault XP
 B = Vault XP
 C = Vault XP percentage of total XP
 D = Non-vault monster count
 E = Vault monster count
 F = Vault count percentage of total count
                 A         B        C        D         E       F
            +---------+---------+-------+---------+---------+-------
      Total |      62 |       4 |   6.1 |      37 |       2 |   5.1
            +---------+---------+-------+---------+---------+-------
        D:1 |      44 |       4 |   8.3 |      26 |       2 |   7.1
        D:2 |      18 |       0 |   0.0 |      11 |       0 |   0.0
            +---------+---------+-------+---------+---------+-------
